[Event "World Senior chT-50 2019"]
[Site "Rhodes"]
[Date "2019.04.21"]
[Round "6.37"]
[White "Delaney, John"]
[Black "Burchardt, Brigitte"]
[Result "1-0"]
[ECO "B94"]
[WhiteElo "2156"]
[BlackElo "2136"]
[Annotator "NA"]
[PlyCount "97"]
[EventDate "2019.04.16"]
[EventType "team-tourn"]
[EventCountry "GRE"]
[SourceTitle "playchess.com"]
[Source "ChessBase"]
[SourceQuality "1"]
[WhiteTeam "Ireland"]
[BlackTeam "Germany"]
[WhiteTeamCountry "IRL"]
[BlackTeamCountry "GER"]
[TimeControl "40/5400+30:1800+30"]

1. e4 c5 2. Nf3 d6 3. d4 cxd4 4. Nxd4 Nf6 5. Nc3 a6 6. Bg5 Nbd7 7. f4 Qc7 8. Qf3 g6 9. O-O-O Bg7 10. Be2 Nb6 11. Qg3 h6 12. Bh4 O-O 13. Rhf1 Nh7 14. Qe3 Re8 15. Bg3 Bd7 16. f5 g5 17. Nd5 Nxd5 18. exd5 Qa5 19. Kb1 Rac8 20. h4 Nf6 21. Nb3 Qc7 22. c3 a5 23. hxg5 hxg5 24. Nc1 a4 25. a3 Qa5 26. c4 b5 27. Be1 Qc7 28. Bc3 Nh7 29. Bxg7 Kxg7 30. Qd4+ f6 31. g4 bxc4 32. Na2 Qb7 33. Rf3 Rc5 34. Nb4 Bb5 35. Qc3 Rh8 36. Rh3 Nf8 37. Rxh8 Kxh8 38. Rh1+ Kg7 39. Rh5 Be8 40. Rxg5+ Kh8 41. Qh3+ Nh7 42. Rg6 e6 43. Rxf6 Qg7 44. Rxe6 Bf7 45. Re3 Qd4 46. g5 Kg7 47. f6+ Nxf6 48. Qh6+ Kg8 49. gxf6 1-0

[Event "World Senior chT-50 2019"]
[Site "Rhodes"]
[Date "2019.04.21"]
[Round "6.38"]
[White "Wagner-Michel, Annett"]
[Black "Wallace, Paul"]
[Result "0-1"]
[ECO "C45"]
[WhiteElo "2056"]
[BlackElo "2152"]
[Annotator "NA"]
[PlyCount "166"]
[EventDate "2019.04.16"]
[EventType "team-tourn"]
[EventCountry "GRE"]
[SourceTitle "playchess.com"]
[Source "ChessBase"]
[SourceQuality "1"]
[WhiteTeam "Germany"]
[BlackTeam "Ireland"]
[WhiteTeamCountry "GER"]
[BlackTeamCountry "AUS"]
[TimeControl "40/5400+30:1800+30"]

1. e4 e5 2. Nf3 Nc6 3. d4 exd4 4. Nxd4 Bc5 5. Nb3 Bb4+ 6. c3 Be7 7. Bf4 Bg5 8. Bg3 h5 9. h4 Bh6 10. Nd4 Nf6 11. Bd3 d6 12. Nxc6 bxc6 13. O-O Ng4 14. Na3 O-O 15. Nc2 Rb8 16. b3 Qf6 17. Qe1 Re8 18. f4 Bf5 19. e5 Bxd3 20. exf6 Rxe1 21. Nxe1 Bxf1 22. Kxf1 Nxf6 23. c4 Re8 24. Nf3 Ne4 25. Bh2 g6 26. Rd1 c5 27. Ng5 f5 28. Nxe4 Rxe4 29. g3 Bg7 30. Bg1 Kf7 31. Bf2 Ke6 32. Rd2 Bd4 33. Rc2 c6 34. Rd2 Bxf2 35. Kxf2 d5 36. Rc2 Kd6 37. Rd2 d4 38. Rd3 Kc7 39. Rf3 Kb6 40. Rd3 Ka5 41. a3 Re7 42. Rf3 Kb6 43. Rd3 Rd7 44. Ke2 Re7+ 45. Kf2 a5 46. a4 Re4 47. Rf3 Kc7 48. Rd3 Kd6 49. Rf3 Ke6 50. Rd3 g5 51. hxg5 h4 52. Kg2 Kf7 53. Rf3 Re2+ 54. Kh3 Re3 55. Rf1 hxg3 56. Kg2 d3 57. Rd1 Kg6 58. Rh1 d2 59. Rh6+ Kg7 60. Rd6 Re4 61. Rxd2 Rxf4 62. Kxg3 Rd4 63. Re2 Kg6 64. Re6+ Kxg5 65. Rxc6 Rd3+ 66. Kf2 Rxb3 67. Rxc5 Rb4 68. Rxa5 Rxc4 69. Re5 Kf4 70. Re2 Rxa4 71. Rb2 Kg4 72. Rc2 f4 73. Rb2 Ra3 74. Kg2 Rg3+ 75. Kf2 Rh3 76. Kg2 f3+ 77. Kg1 Kg3 78. Rc2 Rh8 79. Rb2 Ra8 80. Rb1 Ra2 81. Rf1 Rg2+ 82. Kh1 Rh2+ 83. Kg1 f2+ 0-1

[Event "World Senior chT-50 2019"]
[Site "Rhodes"]
[Date "2019.04.21"]
[Round "6.39"]
[White "MacElligott, Gerard"]
[Black "Schulz, Petra"]
[Result "1/2-1/2"]
[ECO "E60"]
[WhiteElo "2025"]
[BlackElo "2051"]
[Annotator "NA"]
[PlyCount "212"]
[EventDate "2019.04.16"]
[EventType "team-tourn"]
[EventCountry "GRE"]
[SourceTitle "playchess.com"]
[Source "ChessBase"]
[SourceQuality "1"]
[WhiteTeam "Ireland"]
[BlackTeam "Germany"]
[WhiteTeamCountry "IRL"]
[BlackTeamCountry "GER"]
[TimeControl "40/5400+30:1800+30"]

1. d4 Nf6 2. c4 g6 3. g3 Bg7 4. Bg2 d6 5. Nf3 O-O 6. O-O Nbd7 7. Nc3 e5 8. e4 a6 9. Qc2 exd4 10. Nxd4 Re8 11. Rd1 c5 12. Nf3 Nb6 13. e5 Nfd7 14. exd6 Nxc4 15. Bf4 Ndb6 16. b3 Bf5 17. Qc1 Qf6 18. bxc4 Qxc3 19. Qxc3 Bxc3 20. Rac1 Bb2 21. Rb1 Bxb1 22. Rxb1 Nxc4 23. Bf1 Ne5 24. Nxe5 Bxe5 25. d7 Re7 26. Rxb7 Rd8 27. Bxe5 Rxe5 28. Bxa6 Rd5 29. Bb5 c4 30. Bxc4 R5xd7 31. Rxd7 Rxd7 32. a4 Ra7 33. Bb5 Kf8 34. h4 h6 35. Kg2 Ke7 36. Kf3 Kd6 37. Ke4 Re7+ 38. Kf3 Kc5 39. Be2 Kb4 40. Bb5 Re1 41. Bc6 Kc5 42. Bb5 f6 43. Kg4 f5+ 44. Kf3 Re4 45. Bd7 Kd6 46. Bb5 Rb4 47. Be8 g5 48. hxg5 hxg5 49. Bb5 Ke5 50. Bd7 Rb3+ 51. Kg2 Ra3 52. Bc6 Ra2 53. Kf3 g4+ 54. Ke3 Ra3+ 55. Ke2 Kd4 56. Bd7 Ra2+ 57. Kf1 Ke5 58. Kg2 Rd2 59. Bc8 Rc2 60. Bd7 Ra2 61. Kf1 Rd2 62. Bc8 Rc2 63. Bd7 Ke4 64. Kg2 Rc5 65. Bb5 f4 66. gxf4 Kxf4 67. Kf1 Rc1+ 68. Kg2 Rc2 69. Kf1 Kf3 70. Kg1 Rc1+ 71. Bf1 Ra1 72. a5 Rxa5 73. Bg2+ Kf4 74. Bb7 Ra1+ 75. Kg2 Ra2 76. Kf1 g3 77. fxg3+ Kxg3 78. Ke1 Kf4 79. Kd1 Ke3 80. Kc1 Kd3 81. Kb1 Ra7 82. Bc8 Kc3 83. Be6 Rb7+ 84. Ka1 Re7 85. Bg8 Re1+ 86. Ka2 Rg1 87. Be6 Rg6 88. Bd5 Rg5 89. Be6 Rg2+ 90. Kb1 Rb2+ 91. Ka1 Rb6 92. Bd5 Rd6 93. Bg8 Rd1+ 94. Ka2 Rg1 95. Bd5 Rg5 96. Bf7 Kc2 97. Bb3+ Kc3 98. Bf7 Rg2+ 99. Kb1 Rb2+ 100. Ka1 Kc2 101. Bg6+ Kc1 102. Bf7 Rb7 103. Bd5 Rb1+ 104. Ka2 Rb5 105. Bf7 Rb7 106. Bd5 Rb5 1/2-1/2

[Event "World Senior chT-50 2019"]
[Site "Rhodes"]
[Date "2019.04.21"]
[Round "6.40"]
[White "Wolf, Sylvia"]
[Black "Lyons, Brendan"]
[Result "1/2-1/2"]
[ECO "B01"]
[WhiteElo "2001"]
[BlackElo "1976"]
[Annotator "NA"]
[PlyCount "55"]
[EventDate "2019.04.16"]
[EventType "team-tourn"]
[EventCountry "GRE"]
[SourceTitle "playchess.com"]
[Source "ChessBase"]
[SourceQuality "1"]
[WhiteTeam "Germany"]
[BlackTeam "Ireland"]
[WhiteTeamCountry "GER"]
[BlackTeamCountry "IRL"]
[TimeControl "40/5400+30:1800+30"]

1. e4 d5 2. exd5 Nf6 3. Bb5+ Nbd7 4. Nc3 a6 5. Be2 Nb6 6. Nf3 Nbxd5 7. Nxd5 Nxd5 8. d4 Bf5 9. c4 Nf6 10. O-O e6 11. Bf4 Bd6 12. Be5 O-O 13. Qb3 b6 14. Rfd1 Qe7 15. Rac1 Nd7 16. Bd3 Bxe5 17. Nxe5 Nxe5 18. dxe5 Bxd3 19. Qxd3 Rfd8 20. Qe4 Rxd1+ 21. Rxd1 Rd8 22. Rxd8+ Qxd8 23. g3 a5 24. b3 g6 25. Qc6 Qd2 26. Qxc7 Qe1+ 27. Kg2 Qe4+ 28. Kg1 1/2-1/2

[Event "World Senior chT-50 2019"]
[Site "Rhodes"]
[Date "2019.04.22"]
[Round "7.1"]
[White "Soffer, Ram"]
[Black "Shabalov, Alexander"]
[Result "1/2-1/2"]
[ECO "B12"]
[WhiteElo "2486"]
[BlackElo "2510"]
[Annotator "RC"]
[PlyCount "110"]
[EventDate "2019.04.16"]
[EventType "team-tourn"]
[EventCountry "GRE"]
[SourceTitle "playchess.com"]
[Source "ChessBase"]
[SourceQuality "1"]
[WhiteTeam "Israel"]
[BlackTeam "United States"]
[WhiteTeamCountry "ISR"]
[BlackTeamCountry "USA"]
[TimeControl "40/5400+30:1800+30"]

1. e4 c6 2. d4 d5 3. e5 Bf5 4. h4 h6 5. g4 Bd7 6. Nc3 Qc8 7. Be2 e6 8. Be3 c5 9. dxc5 Bxc5 10. Qd2 Ne7 11. h5 b6 12. f4 Bxe3 13. Qxe3 Qc5 14. Qd2 b5 15. a3 b4 16. axb4 Qxb4 17. b3 Nbc6 18. Nb5 Qxd2+ 19. Kxd2 O-O 20. Nf3 f6 21. Ke3 d4+ 22. Nfxd4 Nd5+ 23. Kd2 Nxf4 24. exf6 Nxe2 25. fxg7 Nexd4 26. gxf8=Q+ Kxf8 27. Nxd4 Nxd4 28. Ra5 Ke7 29. Rha1 Nc6 30. R5a4 a5 31. Ke3 Rg8 32. Rg1 Rg5 33. c3 Be8 34. Raa1 Rc5 35. Rac1 Rb5 36. Rb1 Bf7 37. Kd2 Bg8 38. c4 Rg5 39. Ke3 Bh7 40. Rb2 Re5+ 41. Kf2 Nd4 42. b4 axb4 43. Rxb4 Re2+ 44. Kf1 Be4 45. Rb3 Rc2 46. Re3 Bb7 47. g5 Nf5 48. Ra3 Rxc4 49. gxh6 Nxh6 50. Rg7+ Nf7 51. h6 Kf6 52. Rh3 Rc1+ 53. Kf2 Rh1 54. Rxh1 Bxh1 55. Rg4 Nxh6 1/2-1/2

[Event "World Senior chT-50 2019"]
[Site "Rhodes"]
[Date "2019.04.22"]
[Round "7.2"]
[White "Benjamin, Joel"]
[Black "Manor, Ilan"]
[Result "1/2-1/2"]
[ECO "B22"]
[WhiteElo "2523"]
[BlackElo "2461"]
[Annotator "ChessBase"]
[PlyCount "67"]
[EventDate "2019.04.16"]
[EventType "team-tourn"]
[EventCountry "GRE"]
[SourceTitle "playchess.com"]
[Source "ChessBase"]
[SourceQuality "1"]
[WhiteTeam "United States"]
[BlackTeam "Israel"]
[WhiteTeamCountry "USA"]
[BlackTeamCountry "ISR"]
[TimeControl "40/5400+30:1800+30"]

1. e4 c5 2. Nf3 e6 3. c3 Nf6 4. e5 Nd5 5. d4 cxd4 6. cxd4 d6 7. Bc4 Nb6 8. Bd3 dxe5 9. dxe5 Nc6 10. O-O Nb4 11. Be4 Qxd1 12. Rxd1 N4d5 13. a4 a5 14. Nc3 Nxc3 15. bxc3 Bc5 16. Nd4 Bd7 17. Bxb7 Ra7 18. Bf3 Bxd4 19. Rxd4 O-O 20. Be3 Rc7 21. Rg4 h5 22. Bxb6 hxg4 23. Bxc7 gxf3 24. Bxa5 Ra8 25. Bb4 fxg2 26. a5 Bc6 27. a6 f5 28. a7 Kf7 29. Bd6 Rc8 30. Rb1 Ke8 31. Rb4 Kd7 32. c4 g5 33. Rb8 g4 34. Rxc8 1/2-1/2

[Event "World Senior chT-50 2019"]
[Site "Rhodes"]
[Date "2019.04.22"]
[Round "7.3"]
[White "Kaspi, Alexander"]
[Black "Ehlvest, Jaan"]
[Result "1/2-1/2"]
[ECO "E81"]
[WhiteElo "2452"]
[BlackElo "2521"]
[Annotator "ChessBase"]
[PlyCount "41"]
[EventDate "2019.04.16"]
[EventType "team-tourn"]
[EventCountry "GRE"]
[SourceTitle "playchess.com"]
[Source "ChessBase"]
[SourceQuality "1"]
[WhiteTeam "Israel"]
[BlackTeam "United States"]
[WhiteTeamCountry "ISR"]
[BlackTeamCountry "USA"]
[TimeControl "40/5400+30:1800+30"]

1. d4 Nf6 2. c4 g6 3. f3 Bg7 4. e4 d6 5. Nc3 O-O 6. Be3 a6 7. Qd2 Nbd7 8. Nh3 c5 9. d5 Qa5 10. Nf2 b5 11. cxb5 Nb6 12. Nfd1 Nfd7 13. Bh6 Bxh6 14. Qxh6 Ne5 15. h4 f6 16. b3 c4 17. bxc4 Nbxc4 18. Bxc4 Nxc4 19. bxa6 Qc5 20. Ne2 Bxa6 21. Qc1 1/2-1/2

[Event "World Senior chT-50 2019"]
[Site "Rhodes"]
[Date "2019.04.22"]
[Round "7.4"]
[White "Yermolinsky, Alex"]
[Black "Gruenfeld, Yehuda"]
[Result "1-0"]
[ECO "D35"]
[WhiteElo "2508"]
[BlackElo "2428"]
[Annotator "ChessBase"]
[PlyCount "111"]
[EventDate "2019.04.16"]
[EventType "team-tourn"]
[EventCountry "GRE"]
[SourceTitle "playchess.com"]
[Source "ChessBase"]
[SourceQuality "1"]
[WhiteTeam "United States"]
[BlackTeam "Israel"]
[WhiteTeamCountry "USA"]
[BlackTeamCountry "ISR"]
[TimeControl "40/5400+30:1800+30"]

1. d4 Nf6 2. c4 e6 3. Nc3 d5 4. cxd5 exd5 5. Bg5 c6 6. e3 Bf5 7. Qf3 Bg6 8. Bxf6 Qxf6 9. Qxf6 gxf6 10. Nf3 Nd7 11. Be2 Nb6 12. O-O Nc8 13. Nh4 Nd6 14. b4 Nf5 15. Nxg6 hxg6 16. b5 Bd6 17. g3 Rb8 18. Rab1 O-O 19. a4 Bc7 20. Na2 Ne7 21. Nb4 Ba5 22. Nd3 Bb6 23. Rb3 Rfc8 24. Bf3 Kg7 25. h4 Bc7 26. Rfb1 Bd6 27. Kg2 c5 28. dxc5 Bxc5 29. Rd1 Bd6 30. Nb4 Bxb4 31. Rxb4 Rc5 32. Rbd4 Rd8 33. e4 Re8 34. g4 dxe4 35. Rxe4 Rc7 36. Rde1 f5 37. gxf5 gxf5 38. R4e2 Rg8 39. h5 Nc8 40. Rd2 Kf6+ 41. Kf1 b6 42. Red1 Rc3 43. Rd3 Rxd3 44. Rxd3 Ke7 45. Rc3 Kd8 46. Ke2 Nd6 47. Ke3 Kd7 48. Kf4 Rh8 49. Kg5 Ne4+ 50. Bxe4 fxe4 51. Rh3 Ke6 52. h6 f6+ 53. Kf4 Rh7 54. Kxe4 f5+ 55. Kf4 Kf6 56. Rc3 1-0

[Event "World Senior chT-50 2019"]
[Site "Rhodes"]
[Date "2019.04.22"]
[Round "7.5"]
[White "Godena, Michele"]
[Black "Speelman, Jon S"]
[Result "1/2-1/2"]
[ECO "C07"]
[WhiteElo "2459"]
[BlackElo "2509"]
[Annotator "ChessBase"]
[PlyCount "66"]
[EventDate "2019.04.16"]
[EventType "team-tourn"]
[EventCountry "GRE"]
[SourceTitle "playchess.com"]
[Source "ChessBase"]
[SourceQuality "1"]
[WhiteTeam "Italy"]
[BlackTeam "England"]
[WhiteTeamCountry "ITA"]
[BlackTeamCountry "ENG"]
[TimeControl "40/5400+30:1800+30"]

1. e4 e6 2. d4 d5 3. Nd2 c5 4. Ngf3 cxd4 5. Nxd4 Nc6 6. Bb5 Nge7 7. O-O Bd7 8. Nxc6 Bxc6 9. Qe2 Qd7 10. Bxc6 Qxc6 11. exd5 Nxd5 12. Nf3 Bc5 13. Ne5 Qb6 14. Qg4 Bd4 15. Nc4 Qc5 16. Nd6+ Ke7 17. Nxb7 Qb4 18. c4 Qxc4 19. Qh4+ Kf8 20. b3 Qb4 21. Ba3 Qxa3 22. Qxd4 Qb4 23. Qxb4+ Nxb4 24. Rac1 Nd5 25. Na5 Ke7 26. Rc4 Kd7 27. Rfc1 Rhb8 28. Nc6 Rb6 29. Ne5+ Ke7 30. Nd3 a5 31. Nf4 Nxf4 32. Rxf4 Ra7 33. Kf1 Rb5 1/2-1/2

[Event "World Senior chT-50 2019"]
[Site "Rhodes"]
[Date "2019.04.22"]
[Round "7.6"]
[White "Arkell, Keith C"]
[Black "Garcia Palermo, Carlos"]
[Result "1/2-1/2"]
[ECO "D35"]
[WhiteElo "2467"]
[BlackElo "2407"]
[Annotator "ChessBase"]
[PlyCount "49"]
[EventDate "2019.04.16"]
[EventType "team-tourn"]
[EventCountry "GRE"]
[SourceTitle "playchess.com"]
[Source "ChessBase"]
[SourceQuality "1"]
[WhiteTeam "England"]
[BlackTeam "Italy"]
[WhiteTeamCountry "ENG"]
[BlackTeamCountry "ITA"]
[TimeControl "40/5400+30:1800+30"]

1. Nf3 Nf6 2. c4 e6 3. Nc3 d5 4. cxd5 exd5 5. d4 Be7 6. Bg5 Nbd7 7. e3 c6 8. Bd3 Nh5 9. Bxe7 Qxe7 10. O-O O-O 11. Qc2 Nhf6 12. Rfe1 Rd8 13. Rab1 g6 14. b4 a6 15. a4 Nb6 16. Ne5 Be6 17. Ne2 Rdc8 18. Nf4 Nbd7 19. Nxe6 Qxe6 20. Nxd7 Qxd7 21. Qb3 b5 22. Red1 Ne8 23. e4 dxe4 24. Bxe4 Nd6 25. Bf3 1/2-1/2

[Event "World Senior chT-50 2019"]
[Site "Rhodes"]
[Date "2019.04.22"]
[Round "7.7"]
[White "Bellia, Fabrizio"]
[Black "Emms, John M"]
[Result "1/2-1/2"]
[ECO "B22"]
[WhiteElo "2447"]
[BlackElo "2474"]
[Annotator "ChessBase"]
[PlyCount "48"]
[EventDate "2019.04.16"]
[EventType "team-tourn"]
[EventCountry "GRE"]
[SourceTitle "playchess.com"]
[Source "ChessBase"]
[SourceQuality "1"]
[WhiteTeam "Italy"]
[BlackTeam "England"]
[WhiteTeamCountry "ITA"]
[BlackTeamCountry "ENG"]
[TimeControl "40/5400+30:1800+30"]

1. e4 c5 2. c3 d5 3. exd5 Qxd5 4. d4 Nf6 5. Nf3 e6 6. Be3 cxd4 7. cxd4 Bb4+ 8. Nc3 O-O 9. Bd3 Bd7 10. O-O Bxc3 11. bxc3 Bb5 12. Bxb5 Qxb5 13. Rb1 Qa6 14. Qb3 b6 15. c4 Nc6 16. Qb5 Qxb5 17. Rxb5 Rfd8 18. Rc1 Rac8 19. h3 h6 20. g4 Kf8 21. Kf1 Na5 22. Ne5 Nc6 23. Nf3 Na5 24. Ne5 Nc6 1/2-1/2

[Event "World Senior chT-50 2019"]
[Site "Rhodes"]
[Date "2019.04.22"]
[Round "7.8"]
[White "Ward, Chris G"]
[Black "Bruno, Fabio"]
[Result "0-1"]
[ECO "A90"]
[WhiteElo "2425"]
[BlackElo "2433"]
[Annotator "NA"]
[PlyCount "96"]
[EventDate "2019.04.16"]
[EventType "team-tourn"]
[EventCountry "GRE"]
[SourceTitle "playchess.com"]
[Source "ChessBase"]
[SourceQuality "1"]
[WhiteTeam "England"]
[BlackTeam "Italy"]
[WhiteTeamCountry "ENG"]
[BlackTeamCountry "ITA"]
[TimeControl "40/5400+30:1800+30"]

1. d4 e6 2. c4 f5 3. g3 Nf6 4. Bg2 d5 5. Nh3 Bd6 6. O-O O-O 7. Nd2 Nc6 8. Nf3 dxc4 $11 9. Qc2 b5 10. Ne5 Nxd4 11. Qd1 Bxe5 12. Bxa8 Bd7 13. Bg2 Bc6 14. e3 Bxg2 15. Kxg2 Qd5+ 16. f3 Nc6 17. Nf4 Bxf4 18. Qxd5 exd5 19. gxf4 Nb4 20. Bd2 Nd3 21. b4 Re8 22. Rfd1 d4 23. exd4 Re2+ 24. Kf1 Rxh2 25. Be3 Nd5 26. Bg1 Rb2 27. a4 a6 28. axb5 axb5 29. Ra8+ Kf7 30. Rd8 N3xb4 31. Re1 c3 32. Rd7+ Kf6 33. Bf2 Rxf2+ 34. Kxf2 Nd3+ 35. Ke2 N5xf4+ 36. Kf1 c2 37. Ra1 c1=Q+ 38. Rxc1 Nxc1 39. Rxc7 Ncd3 40. Rc6+ Kg5 41. Rc7 g6 42. Rxh7 b4 43. Rb7 Kf6 44. Rb6+ Ke7 45. Kg1 Kd7 46. Kh2 Kc7 47. Rb5 Ne2 48. d5 Nd4 0-1

[Event "World Senior chT-50 2019"]
[Site "Rhodes"]
[Date "2019.04.22"]
[Round "7.9"]
[White "Olafsson, Helgi"]
[Black "Vaganian, Rafael A"]
[Result "1/2-1/2"]
[ECO "D37"]
[WhiteElo "2506"]
[BlackElo "2535"]
[Annotator "ChessBase"]
[PlyCount "64"]
[EventDate "2019.04.16"]
[EventType "team-tourn"]
[EventCountry "GRE"]
[SourceTitle "playchess.com"]
[Source "ChessBase"]
[SourceQuality "1"]
[WhiteTeam "Iceland"]
[BlackTeam "Armenia"]
[WhiteTeamCountry "ISL"]
[BlackTeamCountry "ARM"]
[TimeControl "40/5400+30:1800+30"]

1. d4 d5 2. c4 e6 3. Nf3 Nf6 4. Nc3 Be7 5. Bf4 O-O 6. e3 Nbd7 7. c5 c6 8. Bd3 b6 9. b4 a5 10. a3 Ba6 11. Bxa6 Rxa6 12. b5 cxb5 13. c6 Qc8 14. c7 b4 15. Nb5 a4 16. Rc1 Ra8 17. Bd6 Bxd6 18. Nxd6 Qa6 19. Ne5 Ne4 20. c8=Q Rfxc8 21. Nxc8 Nxe5 22. Ne7+ Kf8 23. dxe5 Nc5 24. Nc6 Nd3+ 25. Kd2 Nxc1 26. Qxc1 Rc8 27. Qc2 Qb5 28. Rc1 b3 29. Qd3 Qxd3+ 30. Kxd3 Ke8 31. Kd2 b2 32. Rb1 Rxc6 1/2-1/2

[Event "World Senior chT-50 2019"]
[Site "Rhodes"]
[Date "2019.04.22"]
[Round "7.10"]
[White "Minasian, Artashes"]
[Black "Hjartarson, Johann"]
[Result "0-1"]
[ECO "C54"]
[WhiteElo "2472"]
[BlackElo "2520"]
[Annotator "ChessBase"]
[PlyCount "138"]
[EventDate "2019.04.16"]
[EventType "team-tourn"]
[EventCountry "GRE"]
[SourceTitle "playchess.com"]
[Source "ChessBase"]
[SourceQuality "1"]
[WhiteTeam "Armenia"]
[BlackTeam "Iceland"]
[WhiteTeamCountry "ARM"]
[BlackTeamCountry "ISL"]
[TimeControl "40/5400+30:1800+30"]

1. e4 e5 2. Nf3 Nc6 3. Bc4 Bc5 4. c3 Nf6 5. d3 d6 6. Bb3 h6 7. Nbd2 O-O 8. O-O Be6 9. Nc4 Bb6 10. Qe2 Re8 11. Nxb6 axb6 12. Bc2 d5 13. Nd2 Qd7 14. Re1 b5 15. a3 b4 16. Nb3 bxc3 17. bxc3 b6 18. Qf3 dxe4 19. dxe4 Qe7 20. h3 Na5 21. Nxa5 Rxa5 22. Rb1 Nd7 23. Rd1 Nf8 24. Rb4 Rd8 25. Rxd8 Qxd8 26. Qd3 Qxd3 27. Bxd3 Nd7 28. Kf1 Kf8 29. Ke2 Ke7 30. Bc2 Nc5 31. f3 g5 32. Ke1 f6 33. Ke2 Bd7 34. Bd3 Ne6 35. Ke3 Nf4 36. Bf1 Bc8 37. Kd2 Ba6 38. c4 Bc8 39. Kc3 Ne6 40. Rb1 Bd7 41. Ra1 Kd6 42. Bd3 Nd4 43. Rb1 Be6 44. Rb4 Ra8 45. Rb1 Kc5 46. Rb4 h5 47. Rb1 Kd6 48. Rb4 g4 49. hxg4 hxg4 50. fxg4 Bxg4 51. Kd2 Bd7 52. Ke3 Rg8 53. Kf2 Bc6 54. Be3 Rg4 55. c5+ bxc5 56. Rb8 Bxe4 57. Bf1 Bc6 58. Bh6 Ne6 59. g3 Ra4 60. Rb3 Bd5 61. Rc3 Ra8 62. Bc1 Nd4 63. g4 Be6 64. g5 fxg5 65. Bg2 Rf8+ 66. Ke1 g4 67. a4 c4 68. a5 Bd5 69. Bf1 Ra8 0-1

[Event "World Senior chT-50 2019"]
[Site "Rhodes"]
[Date "2019.04.22"]
[Round "7.11"]
[White "Arnason, Jon L"]
[Black "Movsziszian, Karen"]
[Result "1/2-1/2"]
[ECO "B08"]
[WhiteElo "2423"]
[BlackElo "2485"]
[Annotator "ChessBase"]
[PlyCount "109"]
[EventDate "2019.04.16"]
[EventType "team-tourn"]
[EventCountry "GRE"]
[SourceTitle "playchess.com"]
[Source "ChessBase"]
[SourceQuality "1"]
[WhiteTeam "Iceland"]
[BlackTeam "Armenia"]
[WhiteTeamCountry "ISL"]
[BlackTeamCountry "ARM"]
[TimeControl "40/5400+30:1800+30"]

1. e4 g6 2. d4 Bg7 3. Nc3 c6 4. Nf3 d6 5. Bc4 Nf6 6. Bb3 Bg4 7. h3 Bxf3 8. Qxf3 Nbd7 9. Be3 O-O 10. O-O e5 11. Rad1 Qe7 12. Rfe1 h6 13. Qe2 b5 14. dxe5 Nxe5 15. Qd2 b4 16. Na4 c5 17. Qxd6 Qxd6 18. Rxd6 Nxe4 19. Rd5 c4 20. Bd4 cxb3 21. axb3 Nf3+ 22. gxf3 Ng5 23. Kg2 Ne6 24. Bxg7 Kxg7 25. Re4 Rfc8 26. Rd7 Kf6 27. c3 bxc3 28. Nxc3 Rd8 29. Rb7 g5 30. Ra4 Kg6 31. Ne4 a5 32. Rb5 Nf4+ 33. Kh2 Rd3 34. Kg3 Rd1 35. Kh2 Rad8 36. Rb6+ Kg7 37. Rxa5 R8d3 38. Ng3 Ne6 39. Nf5+ Kg6 40. Ne3 Rb1 41. Rd5 Rxd5 42. Nxd5 Rxb2 43. Nc7 Rxf2+ 44. Kg3 Re2 45. b4 Kf5 46. Nxe6 fxe6 47. Rb8 Rb2 48. b5 h5 49. h4 gxh4+ 50. Kxh4 Kf4 51. Rf8+ Ke3 52. Re8 Rxb5 53. Rxe6+ Kxf3 54. Rf6+ Ke3 55. Rf8 1/2-1/2

[Event "World Senior chT-50 2019"]
[Site "Rhodes"]
[Date "2019.04.22"]
[Round "7.12"]
[White "Petrosian, Arshak B"]
[Black "Thorhallsson, Throstur"]
[Result "1/2-1/2"]
[ECO "A37"]
[WhiteElo "2470"]
[BlackElo "2425"]
[Annotator "ChessBase"]
[PlyCount "41"]
[EventDate "2019.04.16"]
[EventType "team-tourn"]
[EventCountry "GRE"]
[SourceTitle "playchess.com"]
[Source "ChessBase"]
[SourceQuality "1"]
[WhiteTeam "Armenia"]
[BlackTeam "Iceland"]
[WhiteTeamCountry "ARM"]
[BlackTeamCountry "ISL"]
[TimeControl "40/5400+30:1800+30"]

1. Nf3 c5 2. c4 Nc6 3. Nc3 e5 4. g3 g6 5. Bg2 Bg7 6. a3 d6 7. Rb1 Nge7 8. d3 a5 9. O-O O-O 10. Bd2 Rb8 11. Ne1 Be6 12. Nc2 d5 13. cxd5 Nxd5 14. Nxd5 Bxd5 15. Bxd5 Qxd5 16. b4 axb4 17. axb4 e4 18. bxc5 exd3 19. Nb4 Qxc5 20. Nxd3 Qe7 21. Be3 1/2-1/2

[Event "World Senior chT-50 2019"]
[Site "Rhodes"]
[Date "2019.04.22"]
[Round "7.13"]
[White "Mahia, Gustavo"]
[Black "Boensch, Uwe"]
[Result "0-1"]
[ECO "B33"]
[WhiteElo "2367"]
[BlackElo "2525"]
[Annotator "RC"]
[PlyCount "76"]
[EventDate "2019.04.16"]
[EventType "team-tourn"]
[EventCountry "GRE"]
[SourceTitle "playchess.com"]
[Source "ChessBase"]
[SourceQuality "1"]
[WhiteTeam "Argentina"]
[BlackTeam "Germany"]
[WhiteTeamCountry "ARG"]
[BlackTeamCountry "GER"]
[TimeControl "40/5400+30:1800+30"]

1. e4 c5 2. Nf3 Nc6 3. d4 cxd4 4. Nxd4 Qb6 5. Nb3 Nf6 6. Nc3 e6 7. Bd3 a6 8. O-O Be7 9. Re1 d6 10. a4 Qc7 11. a5 b5 12. axb6 Qxb6 13. Be3 Qc7 14. Ra4 O-O 15. Qe2 d5 16. exd5 exd5 17. Bg5 Be6 18. Nc5 Nd4 19. Rxd4 Qxc5 20. Rh4 g6 21. Qe5 Nd7 22. Qg3 Bd6 23. Bf4 Bxf4 24. Qxf4 Rfe8 25. Ra1 Rab8 26. Na4 Qc6 27. b3 a5 28. h3 Rb4 29. Qh6 Rxh4 30. Qxh4 Ne5 31. Qf6 Nxd3 32. cxd3 Qb5 33. d4 Qxb3 34. Nc5 Qb4 35. h4 h5 36. Kh2 Bf5 37. Ra4 Qb8+ 38. g3 Qb2 0-1

[Event "World Senior chT-50 2019"]
[Site "Rhodes"]
[Date "2019.04.22"]
[Round "7.14"]
[White "Tischbierek, Raj"]
[Black "Garbarino, Rodolfo"]
[Result "1-0"]
[ECO "C50"]
[WhiteElo "2435"]
[BlackElo "2335"]
[Annotator "NA RC"]
[PlyCount "133"]
[EventDate "2019.04.16"]
[EventType "team-tourn"]
[EventCountry "GRE"]
[SourceTitle "playchess.com"]
[Source "ChessBase"]
[SourceQuality "1"]
[WhiteTeam "Germany"]
[BlackTeam "Argentina"]
[WhiteTeamCountry "GER"]
[BlackTeamCountry "ARG"]
[TimeControl "40/5400+30:1800+30"]

1. e4 e5 2. Nf3 Nc6 3. Bc4 Bc5 4. d3 Nf6 5. Nc3 d6 6. Na4 Bb6 7. a3 Be6 8. Nxb6 axb6 9. Bxe6 fxe6 10. O-O O-O 11. Re1 Nd7 12. c3 Qf6 13. Bg5 Qg6 14. Bh4 Qh5 15. Bg3 Kh8 $14 16. Rc1 Rad8 17. d4 Qh6 18. Qe2 Rf7 19. Red1 exd4 20. cxd4 Nf6 21. b4 Nh5 22. b5 Nxg3 23. hxg3 Na7 24. d5 Re8 25. Qd3 e5 26. a4 Qf6 27. Rc3 g5 28. Qe3 h6 29. Rdc1 Ree7 30. R1c2 Qg6 31. Rc4 Nc8 32. g4 Kg8 33. Nh2 h5 34. Qh3 h4 35. Nf1 Rd7 36. Ne3 Ne7 37. f3 Qf6 38. Rxc7 Rxc7 39. Rxc7 Qf4 40. Rc3 Rf8 41. Qh2 Qf6 42. Nf5 Nxf5 43. gxf5 Ra8 44. Rc4 Qd8 45. g3 Rc8 46. Rxc8 Qxc8 47. Qd2 Kf7 48. Qxg5 Qc5+ 49. Kg2 hxg3 50. Qxg3 Qc2+ 51. Kh3 Qc1 52. Qg6+ Ke7 53. Qe6+ Kd8 54. Qxd6+ Kc8 55. Qe6+ Kd8 56. Qxb6+ Ke8 57. Qg6+ Kd8 58. Qf6+ Kd7 59. Qxe5 Qg5 60. Qe6+ Kd8 61. Qg6 Qc1 62. Kg4 Qg1+ 63. Kh5 Qh2+ 64. Kg5 Qg3+ 65. Kh6 Qh4+ 66. Kg7 Qe7+ 67. Kg8 1-0